 Dungeon Crawl Stone Soup version 0.29-a0-577-gafbf2c5d25 (webtiles) character file.

Game seed: 15563104977369816472

16 shoop the Cudgeller (level 3, -2/29 HPs)
             Began as a Meteoran Warper on June 13, 2022.
             Slain by a worm (7 damage)
             ... on level 3 of the Dungeon.
             The game lasted 00:03:03 (448 turns).

shoop the Cudgeller (Meteoran Warper)                Turns: 448, Time: 00:03:04

Health: -2/29      AC:  3    Str: 12    XL:     3   Next: 0%
Magic:  3/8        EV: 12    Int: 17    God:
Gold:   52         SH:  0    Dex: 13    Spells: 5/7 levels left

rFire   . . .      SeeInvis .   a - +0 mace
rCold   . . .      Faith    .   (no shield)
rNeg    . . .      Spirit   .   b - +0 leather armour
rPois   .          Reflect  .   (no helmet)
rElec   .          Harm     .   (no cloak)
rCorr   .          Rampage  .   (no gloves)
Will    .....                   (no boots)
Stlth   +.........              (no amulet)
HPRegen 0.09/turn               i - +4 ring of slaying
MPRegen 0.11/turn               (no ring)

@: on blink cooldown, glowing
A: sense surroundings 1, otherworldly, glowing, explore regen
a: no special abilities


You were on level 3 of the Dungeon.
You visited 1 branch of the dungeon, and saw 3 of its levels.

You collected 52 gold pieces.

Inventory:

Hand Weapons
 a - a +0 mace (weapon)
 p - a +0 quarterstaff
Missiles
 d - 7 boomerangs of dispersal (quivered)
Armour
 b - a +0 leather armour (worn)
Jewellery
 i - a +4 ring of slaying (left hand)
Scrolls
 c - 2 scrolls of blinking
 j - a scroll of enchant weapon {unknown}
 l - a scroll of amnesia {unknown}
 m - a scroll of identify {unknown}
 n - a scroll of fear {unknown}
 r - a scroll of noise {unknown}
Potions
 e - 2 potions of cancellation {unknown}
 f - a potion of curing {unknown}
 g - a potion of attraction {unknown}
 h - a potion of lignification {unknown}
 k - a potion of flight {unknown}
 o - a potion of magic {unknown}
 q - a potion of mutation {unknown}


   Skills:
 - Level 2.1 Fighting
 + Level 4.2 Maces & Flails
 - Level 1.2 Throwing
 - Level 1.2 Armour
 - Level 2.4 Dodging
 - Level 2.6 Spellcasting
 - Level 3.6 Translocations


You had 5 spell levels left.
You knew the following spells:

 Your Spells              Type           Power      Damage    Failure   Level
b - Blink                 Tloc           28%        N/A       8%          2

Your spell library contained the following spells:

 Spells                   Type           Power      Damage    Failure   Level
 Gell's Gravitas          Tloc           14%        N/A       16%         3
 Lesser Beckoning         Tloc           14%        N/A       16%         3
 Teleport Other           Tloc           14%        N/A       16%         3
 Manifold Assault         Tloc           14%        N/A       82%         5
 Leda's Liquefaction      Hex/Erth       1%         N/A       92%         4
 Lee's Rapid Deconstruct  Erth           1%         3d5*      99%         5
 Statue Form              Tmut/Erth      1%         N/A       100%        6


Dungeon Overview and Level Annotations

Branches:
Dungeon (3/15)

Altars:

Annotations:
D:2 Sigmund


Innate Abilities, Weirdness & Mutations

You passively map a small area around you.
You are easily found by Zot.
You glow in the dark.
You regain HP and MP as you explore.


Message History

You hit the worm.
The worm is heavily wounded.
The goblin closely misses you. The worm bites you.
The goblin barely misses you.
You sock the worm!
The worm is almost dead.
The worm bites you! The goblin hits you with a +0 club.
* * * LOW HITPOINT WARNING * * *
You hit the worm.
The worm is almost dead.
The goblin hits you but does no damage. The worm bites you!
* * * LOW HITPOINT WARNING * * *
Unknown command.
Casting: Blink (safe; 10% risk of failure)
Confirm with . or Enter, or press ? or * to list all spells.
You blink.
The goblin attacks as you move away! The goblin hits you but does no damage.
The goblin attacks as you move away! The goblin closely misses you.
You feel stable enough to blink again. The goblin attacks as you move away!
The goblin barely misses you.
Casting: Blink (safe; 10% risk of failure)
Confirm with . or Enter, or press ? or * to list all spells.
You blink.
You feel stable enough to blink again.
You miss the goblin. The goblin hits you but does no damage.
You closely miss the goblin. The goblin barely misses you.
You hit the goblin.
The goblin is severely wounded.
The goblin hits you but does no damage. The goblin hits you with a +0 club.
* * * LOW HITPOINT WARNING * * *
You sock the goblin!
You kill the goblin!
You have reached level 3!
Your experience leads to an increase in your attributes!
Increase (S)trength, (I)ntelligence, or (D)exterity?
You feel clever. x3
Casting: Blink (safe; 8% risk of failure)
Confirm with . or Enter, or press ? or * to list all spells.
You blink.
The worm bites you!
You die...

, , , ############
####### #..........#
......# #.....)....#
.>....# #.......@..#
......###.......w..#
................§..#
........#......#####
.#...#....##.#...#
#♣†♣##......##..#
,#...###.....#..##
.#♣.♣# ##.>....##
.#...####.....##


You could see a worm.

Vanquished Creatures
  A dart slug (D:3)
  An endoplasm (D:3)
  4 goblins
  3 hobgoblins
  A ball python (D:3)
  2 frilled lizards (D:1)
  2 rats (D:3)
14 creatures vanquished.

Notes
Turn   | Place    | Note
-------+----------+-------------------------------------------
     0 | D:1      | shoop the Meteoran Warper began the quest for the Orb.
     0 | D:1      | Reached XP level 1. HP: 17/17 MP: 5/5
    67 | D:1      | Reached skill level 3 in Maces & Flails
    83 | D:1      | You fall into a shaft and drop 1 floor!
    99 | D:2      | Reached XP level 2. HP: 22/24 MP: 6/6
   187 | D:3      | Learned a level 2 spell: Blink
   193 | D:2      | Found a faded altar of an unknown god.
   205 | D:2      | Noticed Sigmund
   402 | D:3      | Reached skill level 4 in Maces & Flails
   422 | D:3      | HP: 1/24 [worm (7)]
   439 | D:3      | Reached XP level 3. HP: 4/29 MP: 4/8
   448 | D:3      | Slain by a worm

Illustrated notes

Levels and vault maps discovered:
D:1:      lemuel_arrival_river_ford, layout_basic, minivault_24
D:2:      layout_rooms, hellmonk_ecumenical_altar_pennies_from_heaven,
          uniq_sigmund
D:3:      layout_rooms, chequers_avenue

Skill      XL: |  1  2 |
---------------+-------+-----
Maces & Flails | 3 4 |  4.2
Fighting       | |  2.1
Throwing       | |  1.2
Armour         | |  1.2
Dodging        | |  2.4
Spellcasting   | |  2.6
Translocations | |  3.6

Action                   || total
-------------------------++-------
Melee: Mace              ||    36
 Cast: Blink             ||     3
Armor: Leather armour    ||    16
Dodge: Dodged            ||    19

Table legend: (Time is in decaauts)
 A = Elapsed time spent in this place.
 B = Non-inter-level travel time spent in this place.
 C = Inter-level travel time spent in this place.
 D = Time resting spent in this place.
 E = Time spent auto-exploring this place.
 F = Levels seen in this place.
 G = Mean time per level.
                   A        B        C        D        E       F      G
               +--------+--------+--------+--------+--------+-----+--------+
         Total |    457 |    457 |      0 |      0 |      0 |   3 |  152.3 |
       Dungeon |    457 |    457 |      0 |      0 |      0 |   3 |  152.3 |
               +--------+--------+--------+--------+--------+-----+--------+

Top non-repeatable levels by time:
     D:3: 248 daAuts
     D:2: 123 daAuts
     D:1: 86 daAuts
